 Dungeon Crawl Stone Soup version 0.19-a0-892-g8a19e52 (webtiles) character file.

59910 Fubayashi the Thaumaturge (level 14, -5/84 HPs)
             Began as a Gargoyle Earth Elementalist on July 3, 2016.
             Was a High Priest of Vehumet.
             Slain by an orc warlord
             ... wielding a +0 battleaxe
              (18 damage)
             ... on level 1 of the Orcish Mines on July 4, 2016.
             The game lasted 02:18:42 (34696 turns).

Fubayashi the Thaumaturge (GrEE)                   Turns: 34696, Time: 02:18:42

Health: -5/84      AC: 22    Str: 11    XL:     14   Next: 97%
Magic:  25/29      EV: 15    Int: 27    God:    Vehumet [*****.]
Gold:   1593       SH:  4    Dex: 10    Spells: 6 memorised, 19 levels left

rFire  . . .     SeeInvis .     T - +3 mace (venom)
rCold  + . .     Gourm    +     J - +2 robe {Archmagi}
rNeg   + . .     Faith    .     L - +0 buckler
rPois  ∞         Spirit   .     b - +0 helmet
rElec  +         Dismiss  .     o - +2 cloak
rCorr  .         Reflect  .     h - +2 pair of gloves
SustAt .         Harm     .     x - +0 pair of boots
MR     +....                    u - amulet of the gourmand
Stlth  ++........               A - ring of protection from cold
                                F - +5 ring of intelligence

@: about to teleport, flying, repel missiles, somewhat resistant to hostile
enchantments, unstealthy
A: big wings, negative energy resistance 1, electricity resistance, unbreathing,
petrification resistance, rot immunity, AC +9
a: Stop Flying, Renounce Religion


You were on level 1 of the Orcish Mines.
You worshipped Vehumet.
Vehumet was extremely pleased with you.
You were very full.

You visited 4 branches of the dungeon, and saw 21 of its levels.
You also visited: Labyrinth.

You collected 1593 gold pieces.

Inventory:

Hand Weapons
 e - a +0 flail of protection
 T - a +3 mace of venom (weapon)
Armour
 b - a +0 helmet (worn)
 h - a +2 pair of gloves (worn)
 o - a +2 cloak (worn)
 x - a +0 pair of boots (worn)
 J - a +2 robe of the Archmagi (worn)
 L - a +0 buckler (worn)
Jewellery
 m - a cursed -3 ring of evasion {unknown}
 u - an amulet of the gourmand (around neck)
 A - a ring of protection from cold (right hand)
 C - an uncursed ring of protection from cold
 F - a +5 ring of intelligence (left hand)
Wands
 D - a wand of digging (9/24)
Scrolls
 a - 4 scrolls of teleportation {@r4}
 j - a scroll of recharging {unknown}
 k - a scroll of torment {unknown}
 p - 14 scrolls of remove curse {@r2}
 y - 4 scrolls of fog
 z - 2 scrolls of noise {unknown}
 M - 2 scrolls of blinking
 O - a scroll of summoning {unknown}
 V - a scroll of acquirement {unknown}
Potions
 l - a potion of magic
 n - 2 potions of invisibility
 r - 4 potions of lignification {!q}
 E - a potion of resistance
 G - 2 potions of cancellation
 R - 2 potions of haste {@q3}
 U - a potion of ambrosia
 W - 2 potions of brilliance
 X - a potion of berserk rage {!q}
Miscellaneous
 c - a sack of spiders
 f - a lamp of fire
 S - a box of beasts
Comestibles
 d - a bread ration {@e1}
 g - 2 beef jerkies {@e2}
 i - a slice of pizza {@e2}
 q - a meat ration {@e1}
 s - 2 chunks of flesh
 w - 6 fruits {@e2}


   Skills:
 + Level 8.8 Fighting
 + Level 8.3 Maces & Flails
 - Level 3.7 Armour
 + Level 7.2 Dodging
 - Level 2.1 Stealth
 - Level 4.0 Shields
 * Level 11.8 Spellcasting
 + Level 9.9 Conjurations
   Level 0.7 Transmutations
 + Level 8.1 Fire Magic
 + Level 11.2 Earth Magic
 + Level 7.4 Evocations


You had 19 spell levels left.
You knew the following spells:

 Your Spells              Type           Power        Failure   Level  Hunger
a - Sandblast             Erth           ######       1%          1    None
b - Stone Arrow           Conj/Erth      ######       1%          3    None
c - Lee's Rapid Deconstr  Erth           #######...   1%          5    ###....
d - Flame Tongue          Conj/Fire      #####        1%          1    None
e - Repel Missiles        Chrm/Air       ###...       8%          2    None
f - Bolt of Magma         Conj/Fire/Erth #######...   1%          5    ###....


Dungeon Overview and Level Annotations

Branches:
Dungeon (12/15)            Temple (1/1) D:4            Lair (6/6) D:11
 Shoals (0/4) Lair:3        Snake (0/4) Lair:4        Slime (0/5) Lair:5
    Orc (2/2) D:12
    Elf: Orc:2

Altars:
Ashenzari
Cheibriados
Dithmenos
Elyvilon
Fedhas
Gozag
Hepliaklqana
Kikubaaqudgha
Makhleb
Nemelex Xobeh
Okawaru
Pakellas
Ru
Sif Muna
Trog
Uskayaw
Vehumet
Xom
Yredelemnul
Zin
The Shining One
Jiyva

Shops:
D:7 }

Portals:
Trove: D:12 (give +5 demon trident)

Annotations:
D:8 1 runed door
D:10 Maud


Innate Abilities, Weirdness & Mutations

You are resistant to torment.
Your stone body is resilient. (AC +9)
You are immune to poison.
Your large and strong wings let you fly indefinitely.
You resist negative energy. (rN+)
You are resistant to electric shocks. (rElec)
You can survive without breathing.
You are immune to petrification.
You are immune to rotting.


Message History

The orc warrior closely misses you.
The orc warlord hits you with a battleaxe!
* * * LOW HITPOINT WARNING * * *
You feel better. You block the orc warrior's attack.
The orc warlord hits you but does no damage.
As you read the scroll of teleportation {@r4}, it crumbles to dust.
You feel strangely unstable.
The orc warrior hits you with a long sword!
* * * LOW HITPOINT WARNING * * *
The orc warrior hits you but does no damage.
The orc closely misses you. The orc hits you but does no damage.
You feel better.
The orc warlord hits you with a battleaxe!
* * * LOW HITPOINT WARNING * * *
You block the orc warrior's attack. The orc warrior misses you.
The orc barely misses you. You block the orc's attack.
Evoke which item? (* to show all) (? for menu, Esc to quit)
You open the lid... ...and a larval batox beast flies out!
The orc warlord hits you with a battleaxe!!
You die...

......)....#...#...#
......[)....#.....## ###
..##...)#.........## ##.##
..........#........## #...##
....<>..............# ####...##
....................###..##.#.###
................................#
................oo...............
................@oo)............#
..............H.oo............###
.............∩...............##
........................#...##
.........#...............#.##
..........................##
..................(........#
....................)......#
....................(.....##


You could see an orc warlord, 2 orc warriors, 3 orcs and a friendly larval batox
beast.

Vanquished Creatures
  Frances (D:11)
  A minotaur (Lab)
  9 hydras
  Fannar (D:10)
  A catoblepas (Lair:3)
  4 death yaks (Lair:6)
  3 unseen horrors
  A lindwurm (Lair:6)
  4 hill giants
  2 cyclopes
  2 ugly things
  A manticore (D:11)
  5 elephants
  A torpor snail (Lair:2)
  Psyche (D:9)
  5 black mambas
  A gargoyle (D:11)
  A kobold demonologist (D:11)
  11 spiny frogs
  17 komodo dragons
  3 trolls
  5 polar bears
  14 blink frogs
  12 spriggans (Lair:6)
  A shadow (D:11)
  3 wyverns
  41 yaks
  A redback (Lab)
  5 basilisks
  12 hippogriffs
  A steam dragon (Lair:5)
  Menkaure (D:6)
  A warg (Orc:1)
  3 nagas (Lair:4)
  7 porcupines
  9 water moccasins
  10 orc warriors
  2 sky beasts
  A swamp drake (D:12)
  3 wasps (Lair:6)
  8 ogres
  2 phantoms
  An eye of draining (D:11)
  3 ice beasts
  A necrophage (D:12)
  5 black bears
  32 wolves
  3 boggarts (Lair:6)
  4 centaurs
  14 crocodiles
  3 big kobolds
  11 giant frogs
  Blork the orc (D:5)
  4 scorpions
  10 killer bees (D:11)
  16 wights
  An electric eel (D:10)
  A quasit (D:7)
  A centaur zombie (D:5)
  A crimson imp (D:6)
  4 giant frog zombies
  Crazy Yiuf (D:7)
  6 hounds
  A wasp zombie (D:11)
  18 jellies
  A centaur skeleton (D:4)
  8 orc priests
  A giant frog skeleton (D:5)
  15 iguanas
  5 orc wizards
  9 worker ants
  5 hell rats
  A killer bee zombie (D:6)
  13 sheep
  2 hound skeletons
  A worker ant zombie (D:5)
  11 adders
  21 river rats
  3 shadow imps
  6 oozes
  An adder zombie (D:7)
  2 adder skeletons
  A worm (D:2)
  2 dart slugs
  4 giant geckos
  52 orcs
  6 giant cockroaches
  8 goblins
  16 hobgoblins
  8 jackals
  22 kobolds
  6 quokkas
  3 ball pythons
  A ball python skeleton (D:4)
  10 bats
  2 giant cockroach zombies (D:5)
  A giant gecko skeleton (D:4)
  5 giant newts
  2 goblin zombies (D:8)
  5 hobgoblin zombies (D:8)
  A jackal skeleton (D:7)
  A kobold skeleton (D:8)
  3 orc zombies (D:8)
  3 quokka skeletons
  7 rats
  A fungus (D:7)
  A plant (D:11)
635 creatures vanquished.

Vanquished Creatures (others)
  38 fungi
  14 plants
52 creatures vanquished.

Grand Total: 687 creatures vanquished

Notes
Turn   | Place    | Note
-------+----------+-------------------------------------------
     0 | D:1      | Fubayashi the Gargoyle Earth Elementalist began the quest for the Orb.
     0 | D:1      | Reached XP level 1. HP: 10/10 MP: 3/3
   275 | D:1      | Reached XP level 2. HP: 15/15 MP: 1/5
  1107 | D:1      | Reached XP level 3. HP: 19/19 MP: 3/6
  1180 | D:1      | Learned a level 3 spell: Stone Arrow
  2614 | D:2      | Found a shadowy altar of Dithmenos.
  2809 | D:2      | Reached XP level 4. HP: 19/24 MP: 6/8
  2942 | D:2      | Reached skill level 1 in Conjurations
  3264 | D:3      | Found a glowing golden altar of the Shining One.
  3535 | D:4      | Found an iron altar of Okawaru.
  3545 | D:4      | Reached XP level 5. HP: 14/28 MP: 7/10
  3973 | D:4      | Found a deep blue altar of Sif Muna.
  3974 | D:4      | Found a glowing silver altar of Zin.
  4005 | D:4      | Reached skill level 5 in Earth Magic
  4023 | D:4      | Found a staircase to the Ecumenical Temple.
  4031 | Temple   | Entered the Ecumenical Temple
  4331 | Temple   | Became a worshipper of Vehumet
  4414 | D:4      | Found a blossoming altar of Fedhas.
  4674 | D:4      | Noticed an ogre
  4682 | D:4      | Killed an ogre
  4682 | D:4      | Reached XP level 6. HP: 31/32 MP: 8/12
  5334 | D:5      | Entered Level 5 of the Dungeon
  5410 | D:5      | Got a slimy dagger
  5455 | D:5      | Reached skill level 5 in Spellcasting
  5455 | D:5      | Reached XP level 7. HP: 33/36 MP: 7/14
  5522 | D:5      | Noticed Blork the orc
  5762 | D:5      | Reached * piety under Vehumet
  5762 | D:5      | Offered knowledge of Flame Tongue by Vehumet.
  5797 | D:5      | Learned a level 5 spell: Lee's Rapid Deconstruction
  6107 | D:5      | Reached skill level 1 in Armour
  6421 | D:5      | Killed Blork the orc
  6421 | D:5      | Reached skill level 1 in Fighting
  6536 | D:5      | Reached skill level 1 in Maces & Flails
  6536 | D:5      | Reached skill level 1 in Shields
  6675 | D:5      | Learned a level 1 spell: Flame Tongue
  7358 | D:6      | Noticed Menkaure
  7361 | D:6      | Killed Menkaure
  7361 | D:6      | Reached XP level 8. HP: 30/44 MP: 6/16
  7711 | D:6      | Reached skill level 1 in Fire Magic
  8397 | D:7      | Found Irituexo's Gadget Shoppe.
  9318 | D:7      | Found a shimmering altar of Xom.
  9323 | D:7      | Reached XP level 9. HP: 49/49 MP: 11/18
  9434 | D:7      | Found a runed door.
  9438 | D:7      | Noticed Crazy Yiuf
  9441 | D:7      | Killed Crazy Yiuf
  9441 | D:7      | Offered knowledge of Searing Ray by Vehumet.
  9632 | D:8      | Found a runed door.
  9632 | D:8      | Noticed a manticore
  9632 | D:8      | Noticed a deep elf archer
  9632 | D:8      | Noticed a centaur warrior
  9634 | D:8      | Noticed a catoblepas
  9634 | D:8      | Noticed a yaktaur
  9634 | D:8      | Noticed an eight-headed hydra
  9666 | D:8      | Reached ** piety under Vehumet
  9877 | D:8      | Found a glowing golden altar of the Shining One.
 10025 | D:8      | Reached skill level 5 in Conjurations
 10118 | D:8      | Reached skill level 1 in Evocations
 10240 | D:8      | Offered knowledge of Throw Frost by Vehumet.
 10778 | D:8      | Reached *** piety under Vehumet
 10944 | D:8      | Found a viscous altar of Jiyva.
 11150 | D:9      | Noticed Psyche
 11153 | D:9      | Killed Psyche
 11395 | D:9      | Identified the cursed +0 dagger of Wrath {pierce, rN+} (You found it on level 5 of the Dungeon)
 11564 | D:9      | Found a burning altar of Makhleb.
 11568 | D:9      | Found a sparkling altar of Nemelex Xobeh.
 11576 | D:9      | Reached XP level 10. HP: 56/56 MP: 8/20
 11887 | D:9      | Learned a level 2 spell: Repel Missiles
 12338 | D:10     | Entered Level 10 of the Dungeon
 12338 | D:10     | Noticed Fannar
 13046 | D:10     | Noticed Maud
 13105 | D:10     | Offered knowledge of Ignite Poison by Vehumet.
 13626 | D:10     | Noticed a hill giant
 13636 | D:10     | Killed a hill giant
 13673 | D:10     | Noticed a cyclops
 13770 | D:10     | Killed a cyclops
 13901 | D:10     | Noticed a hill giant
 13949 | D:10     | Killed a hill giant
 14134 | D:10     | Killed Fannar
 14255 | D:10     | Reached XP level 11. HP: 62/62 MP: 16/22
 14439 | D:10     | Reached skill level 5 in Fighting
 14917 | D:11     | Noticed a white ugly thing
 14934 | D:11     | Killed a white ugly thing
 15207 | D:11     | Reached **** piety under Vehumet
 15319 | D:11     | Found a staircase to the Lair.
 15324 | D:11     | Offered knowledge of Bolt of Magma by Vehumet.
 15331 | D:11     | Learned a level 5 spell: Bolt of Magma
 15334 | D:11     | Noticed a hill giant
 15341 | D:11     | Killed a hill giant
 15415 | D:11     | Noticed a manticore
 15425 | D:11     | Killed a manticore
 15490 | Lair:1   | Entered Level 1 of the Lair of Beasts
 15841 | D:11     | Reached skill level 5 in Maces & Flails
 16640 | D:11     | Reached skill level 5 in Fire Magic
 17275 | Lair:1   | Noticed an eight-headed hydra
 17280 | Lair:1   | Killed an eight-headed hydra
 17401 | Lair:1   | Reached skill level 5 in Dodging
 17505 | Lair:1   | Reached XP level 12. HP: 69/69 MP: 12/24
 18286 | Lair:1   | Reached skill level 5 in Evocations
 20162 | Lair:2   | Reached skill level 10 in Spellcasting
 20315 | Lair:2   | Reached ***** piety under Vehumet
 20568 | Lair:2   | Offered knowledge of Bolt of Cold by Vehumet.
 20568 | Lair:2   | Reached XP level 13. HP: 74/76 MP: 12/27
 20957 | Lair:3   | Found a staircase to the Shoals.
 21196 | Lair:3   | Found a snail-covered altar of Cheibriados.
 21934 | Lair:3   | Found a shattered altar of Ashenzari.
 22083 | Lair:3   | Upgraded the game from 0.19-a0-867-g949743d to 0.19-a0-892-g8a19e52
 22825 | Lair:4   | Reached skill level 10 in Earth Magic
 23322 | Lair:4   | Found a staircase to the Snake Pit.
 23324 | Lair:4   | Offered knowledge of Iskenderun's Battlesphere by Vehumet.
 24375 | Lair:5   | Found a staircase to the Slime Pits.
 24655 | Lair:5   | Got a pair of heavily runed boots
 24848 | Lair:5   | Identified the +0 pair of boots "Iptig" {Int-5 Dex+4 Slay+5} (You found it on level 5 of the Lair of Beasts)
 25983 | Lair:6   | Entered Level 6 of the Lair of Beasts
 26034 | Lair:6   | Found a labyrinth entrance.
 26113 | Lab      | Entered a labyrinth
 26260 | Lab      | Noticed a minotaur
 26265 | Lab      | Killed a minotaur
 26265 | Lab      | Gained mutation: Your large and strong wings let you fly indefinitely. [Gargoyle growth]
 26265 | Lab      | Reached XP level 14. HP: 58/83 MP: 12/29
 26338 | Lab      | Identified Toududol's Catalogue of Talismans (You found it in a labyrinth)
 29624 | Lair:6   | Offered knowledge of Poisonous Cloud by Vehumet.
 31758 | D:12     | Noticed Frances
 32430 | D:12     | Found a staircase to the Orcish Mines.
 33352 | D:11     | Killed Frances
 33600 | D:12     | Found a portal to a secret trove of treasure.
 33923 | Orc:1    | Entered Level 1 of the Orcish Mines
 34565 | Orc:2    | Entered Level 2 of the Orcish Mines
 34565 | Orc:2    | Noticed an orc warlord
 34696 | Orc:1    | Slain by an orc warlord

Vault maps used:
D:1:      matt_arrival_refuge
D:2:      grunt_dithmenos_smoke, first_bread
D:3:      lemuel_doored_altar
D:4:      okawaru_ov_weapons_minmay, lemuel_round_altar,
          gammafunk_temple_overflow_pools
D:5:      uniq_blork_the_orc
D:6:      nicolae_overflow_hidden_temple, uniq_menkaure
D:7:      overflow_temple_1_default, serial_shops, shop, uniq_crazy_yiuf_cottage
D:8:      minmay_gate_of_8, hangedman_little_slice_of_home,
          nicolae_tso_besieged_by_evil
D:9:      grunt_temple_overflow_open, uniq_psyche
D:10:     uniq_fannar, uniq_maud
D:11:     due_lair_maze_entry_diamond
D:12:     erik_orc_1, nicolae_trove_entry_crossroad, corner_web_ring,
          uniq_frances
Temple:   minmay_temple_forest_path
Lair:1:   minmay_stone_trees_large, serial_bayou_shore_a, lemuel_fruit_fields
Lair:2:   minivault_19, serial_bayou_pond_d, grunt_megastairs_3
Lair:3:   beast_lair_carwin_large_4, elwin_shoals_entry_rocks, basic_altar,
          kennysheep_snail_temple
Lair:4:   minmay_snake_entry_guardpost_small, roderic_lost_polar_bear
Lair:5:   minmay_slime_entry_jelly_boxes
Lair:6:   minmay_lair_end_enchanted_forest, lab_entry_generic,
          serial_bayou_pond_e
Orc:1:    abandoned_shop
Orc:2:    grunt_orc_community_town_hall, grunt_orc_community_big_house_2,
          grunt_orc_community_big_house_1, grunt_orc_community_house_1,
          grunt_orc_community_house_3, grunt_orc_community_house_3,
          grunt_orc_community_house_1, special_room, basic_altar
Lab:      nicolae_lab_big_swirl, nicolae_lab_swirl, labyrinth_lava_lair,
          nicolae_lab_very_dead_end

Skill      XL: |  1  2  3  4  5  6  7  8  9 10 11 12 13 14 |
---------------+-------------------------------------------+-----
Earth Magic    | 4 5 6 7 8 9 10 11 | 11.2
Spellcasting   | 3 4 5 6 7 8 10 11 | 11.8
Conjurations   | 2 3 4 5 6 7 8 9 |  9.9
Armour         | 1 2 3 |  3.7
Fighting       | 1 2 3 4 5 6 7 8 |  8.8
Dodging        | 2 3 4 5 6 7 |  7.2
Maces & Flails | 1 2 3 4 5 6 7 8 |  8.3
Shields        | 1 3 4 |  4.0
Fire Magic     | 1 2 4 5 6 7 8 |  8.1
Evocations     | 2 3 4 5 6 7 |  7.4
Stealth        | |  2.1
Transmutations | |  0.7

Action                   |  1- 3 |  4- 6 |  7- 9 | 10-12 | 13-15 || total
-------------------------+-------+-------+-------+-------+-------++-------
Melee: Unarmed           |     6 |       |       |       |       ||     6
       Club              |    25 |    20 |       |       |       ||    45
       Whip              |       |    75 |   264 |       |       ||   339
       Mace              |       |       |       |   270 |   227 ||   497
 Cast: Sandblast         |    94 |    52 |     9 |       |       ||   155
       Stone Arrow       |       |     1 |    94 |   314 |   484 ||   893
       Repel Missiles    |       |       |       |     3 |       ||     3
       Lee's Rapid Decon |       |       |       |     6 |     3 ||     9
       Bolt of Magma     |       |       |       |    19 |    95 ||   114
 Abil: Fly               |       |       |       |       |     1 ||     1
Evoke: Wand              |       |       |       |     4 |       ||     4
       Box of beasts     |       |       |       |       |     1 ||     1
  Use: Scroll            |       |     2 |     6 |    10 |    14 ||    32
       Potion            |       |     2 |       |     4 |     6 ||    12
 Stab: Sleeping          |       |     3 |     8 |       |       ||    11
       Distracted        |       |     1 |       |       |       ||     1
  Eat: Chunk             |     7 |    18 |    20 |    33 |    54 ||   132
Armor: Robe              |    21 |    45 |   117 |   242 |   282 ||   707
       Skin              |       |    12 |       |       |       ||    12
       Leather armour    |       |       |       |     5 |       ||     5
Dodge: Dodged            |    71 |    81 |   191 |   385 |   358 ||  1086
       Deflected         |       |       |       |     4 |     4 ||     8
Block: Buckler           |       |       |    13 |   115 |   127 ||   255
